Connexion

BOSTON Bruins vs ST. LOUIS Blues

Created - 12 novembre 2023 at 08:23

Goals
1 2 3 T
BOSTON Bruins 1 3 0 4
ST. LOUIS Blues 1 1 0 2
Shots
1 2 3 T
BOSTON Bruins 16 10 11 37
ST. LOUIS Blues 7 9 13 29

GoalsPenalties
1st period
1. BOSTON Bruins , Henri Jokiharju 3 (Max Lajoie 3, Alex Iafallo 4) at 12:02
2. ST. LOUIS Blues , Matthew Highmore 3 (Marcus Foligno 4, Jeremy Lauzon 6) at 14:31
Jonas Brodin (STL) for High sticking (Minor) at 1:21
Zach Whitecloud (STL) for Hooking (Minor) at 3:55
Brayden McNabb (STL) for Slashing (Minor) at 7:31
2nd period
3. BOSTON Bruins , Jonathan Marchessault 19 (Mikael Granlund 27, Dmitri Orlov 22) at 3:55 (PP)
4. BOSTON Bruins , Jonathan Marchessault 20 (Matt Dumba 31, Elias Pettersson 18) at 9:24
5. BOSTON Bruins , Ryan Carpenter 8 (Adam Boqvist 23) at 13:37
6. ST. LOUIS Blues , Phillip Danault 9 (Jaden Schwartz 23, Justin Schultz 27) at 16:05
Jeremy Lauzon (STL) for Hooking (Minor) at 2:20
Adam Boqvist (BOS) for Hooking (Minor) at 10:11
3rd period
No Goal
Andre Burakovsky (BOS) for Interference (Minor) at 5:24
Jeremy Lauzon (STL) for Tripping (Minor) at 12:45
Justin Schultz (STL) for Hooking (Minor) at 19:01
Goalie Stats
Jacob Markstrom (BOS), 27 saves from 29 shots - (0,931), W, 10-7-2, 60:00 minutes
Louis Domingue (STL), 33 saves from 37 shots - (0,892), L, 4-4-0, 60:00 minutes
3 StarsOfficial
1 - Jonathan Marchessault (BOS)
2 - Henri Jokiharju (BOS)
3 - Ryan Carpenter (BOS)
Referees : Chris Rooney and Chris Lee
Linesman : Brad Lazarowich and Darren Gibbs
Game Note
No Game Note
Finance
Level 1 -- Attendance: 6000 (100,00%) -- Ticket Income 780 000 $
Level 2 -- Attendance: 5362 (87,19%) -- Ticket Income 407 512 $
Level 3 -- Attendance: 1970 (98,50%) -- Ticket Income 114 260 $
Level 4 -- Attendance: 4000 (100,00%) -- Ticket Income 148 000 $
Luxury Box -- Attendance: 1000 (100,00%) -- Ticket Income 280 000 $
Game was played at the Scottrade Center.
Total Attendance: 18332 (95,73%)
Total Ticket Income: 1 729 772 $
Other Income: 345 954 $
Total Income: 2 075 726 $



Team Name Goals Shots Shots Attemp Shots Blocked PIM HIT PP PK FO%
BOSTON Bruins 4377374201 / 6 (17%)048%
ST. LOUIS Blues 22960712160 / 2 (0%)152%

BOSTON Bruins
Player Name POS G A P +/- PIM HIT SHT SB MP PP MP PP SHT PK MP PK SHT FO% FOT
Adam BoqvistD011-1212022:015:2820:4600% 0
Alex IafalloC/LW011100009:570:0000:000100% 2
Andre BurakovskyC/LW/RW000-1204020:285:2311:10042% 31
Brandon TanevLW/RW000100004:390:0000:2700% 0
Chris KreiderLW/RW000-1041021:125:2301:53050% 4
Dmitri OrlovD0111032227:055:0112:2100% 0
Elias PetterssonC0110005022:575:0620:23057% 37
Henri JokiharjuD1011011210:530:0000:5100% 0
Jonathan MarchessaultRW2020034022:345:0610:0000% 0
Kaapo KakkoRW000-1003019:195:2300:0000% 3
Matt DumbaD0111017127:055:0162:2100% 0
Max LajoieD0111000010:020:0000:0000% 0
Mikael GranlundC/LW0110062025:165:0612:42050% 2
Rasmus AnderssonD000-1000122:535:2801:3700% 0
Ryan Carpenter C/RW101100305:330:0001:21050% 8
Thomas NovakC000100219:570:0000:00044% 9
Walker DuehrRW000100004:120:0000:0000% 0
Zachary SenyshynRW000101109:570:0000:0000% 1
ST. LOUIS Blues
Player Name POS G A P +/- PIM HIT SHT SB MP PP MP PP SHT PK MP PK SHT FO% FOT
Brayden McNabbD0000210217:550:0004:1000% 0
Brendan GallagherRW000-1003017:282:0000:000100% 2
Chris TierneyC000100104:090:0000:00050% 2
Craig SmithC/RW0000040114:060:0003:47035% 23
David PerronC/LW/RW0000001012:171:5800:0000% 0
Dominic KubalikLW000-1002017:351:5800:0000% 0
Dylan LarkinC/LW000-1013017:282:0000:00050% 26
Jaden SchwartzLW011-1001018:162:3900:0000% 0
James NealLW/RW0000011011:381:1900:0000% 0
Jeremy LauzonD0111420016:460:0003:1000% 0
Jesper BrattLW/RW000-1007017:282:0010:0000% 0
Jonas BrodinD000-2211222:210:0004:1300% 0
Justin SchultzD011-2215125:572:3935:1000% 0
Luke SchennD0001020114:140:0000:3600% 0
Marcus FolignoLW0111010011:030:0006:5400% 0
Matthew HighmoreC/LW/RW101100207:440:0003:3500% 0
Phillip DanaultC101-1002024:171:5806:42059% 44
Zach WhitecloudD0000220018:431:1903:3900% 0



Play-by-Play

1st period


0:01 of 1st period - Dylan Larkin wins face-off versus Elias Pettersson in neutral zone.
0:01 of 1st period - Brendan Gallagher is hit by Mikael Granlund and loses puck.
0:08 of 1st period - Shot by Jesper Bratt.
0:08 of 1st period - Shot Misses the Net.
0:10 of 1st period - Shot by Brendan Gallagher.
0:10 of 1st period - Shot Misses the Net.
0:34 of 1st period - Shot by Jesper Bratt.
0:34 of 1st period - Stopped by Jacob Markstrom without a rebound.
0:35 of 1st period - Andre Burakovsky wins face-off versus Phillip Danault in BOSTON Bruins zone.
0:37 of 1st period - Icing by Adam Boqvist.
0:38 of 1st period - Phillip Danault wins face-off versus Kaapo Kakko in BOSTON Bruins zone.
0:55 of 1st period - Shot by Andre Burakovsky.
0:55 of 1st period - Deflect By Kaapo Kakko.
0:55 of 1st period - Shot Blocked by Brayden McNabb.
0:57 of 1st period - Shot by Andre Burakovsky.
0:57 of 1st period - Shot Misses the Net.
1:03 of 1st period - Shot by Andre Burakovsky.
1:03 of 1st period - Stopped by Louis Domingue without a rebound.
1:04 of 1st period - Thomas Novak wins face-off versus Craig Smith in ST. LOUIS Blues zone.
1:07 of 1st period - Shot by Zachary Senyshyn.
1:07 of 1st period - Shot Misses the Net.
1:12 of 1st period - Shot by Thomas Novak.
1:12 of 1st period - Stopped by Louis Domingue without a rebound.
1:13 of 1st period - Chris Tierney wins face-off versus Ryan Carpenter in ST. LOUIS Blues zone.
1:21 of 1st period - Minor Penalty to Jonas Brodin for High sticking.
1:22 of 1st period - Elias Pettersson wins face-off versus Phillip Danault in ST. LOUIS Blues zone.
1:25 of 1st period - Shot by Matt Dumba.
1:25 of 1st period - Stopped by Louis Domingue without a rebound.
1:26 of 1st period - Phillip Danault wins face-off versus Elias Pettersson in ST. LOUIS Blues zone.
1:48 of 1st period - Mikael Granlund is hit by Jeremy Lauzon and loses puck.
2:33 of 1st period - Shot by Adam Boqvist.
2:33 of 1st period - Shot Blocked by Brayden McNabb.
3:01 of 1st period - Icing by Andre Burakovsky.
3:02 of 1st period - Craig Smith wins face-off versus Andre Burakovsky in BOSTON Bruins zone.
3:21 of 1st period - Shot by Kaapo Kakko.
3:21 of 1st period - Stopped by Louis Domingue without a rebound.
3:22 of 1st period - Thomas Novak wins face-off versus Dylan Larkin in ST. LOUIS Blues zone.
3:26 of 1st period - Icing by Zach Whitecloud.
3:27 of 1st period - Elias Pettersson wins face-off versus Dylan Larkin in ST. LOUIS Blues zone.
3:30 of 1st period - Shot by Matt Dumba.
3:30 of 1st period - Stopped by Louis Domingue with a rebound.
3:33 of 1st period - Icing by Zach Whitecloud.
3:34 of 1st period - Elias Pettersson wins face-off versus Dylan Larkin in ST. LOUIS Blues zone.
3:43 of 1st period - Elias Pettersson is hit by Dylan Larkin and loses puck.
3:55 of 1st period - Minor Penalty to Zach Whitecloud for Hooking.
3:56 of 1st period - Phillip Danault wins face-off versus Andre Burakovsky in ST. LOUIS Blues zone.
4:31 of 1st period - Shot by Andre Burakovsky.
4:31 of 1st period - Stopped by Louis Domingue without a rebound.
4:32 of 1st period - Elias Pettersson wins face-off versus Craig Smith in ST. LOUIS Blues zone.
4:32 of 1st period - Elias Pettersson is hit by Jeremy Lauzon.
4:36 of 1st period - Shot by Dmitri Orlov.
4:36 of 1st period - Deflect By Elias Pettersson.
4:36 of 1st period - Shot Misses the Net.
4:38 of 1st period - Shot by Matt Dumba.
4:38 of 1st period - Stopped by Louis Domingue without a rebound.
4:39 of 1st period - Elias Pettersson wins face-off versus Craig Smith in ST. LOUIS Blues zone.
6:01 of 1st period - Shot by Alex Iafallo.
6:01 of 1st period - Shot Blocked by Justin Schultz.
6:26 of 1st period - Jesper Bratt is hit by Henri Jokiharju and loses puck.
6:37 of 1st period - Shot by Justin Schultz.
6:37 of 1st period - Stopped by Jacob Markstrom without a rebound.
6:38 of 1st period - Andre Burakovsky wins face-off versus Craig Smith in BOSTON Bruins zone.
6:47 of 1st period - Shot by Kaapo Kakko.
6:47 of 1st period - Stopped by Louis Domingue with a rebound.
6:49 of 1st period - Shot by Chris Kreider.
6:49 of 1st period - Stopped by Louis Domingue with a rebound.
6:51 of 1st period - Shot by Chris Kreider.
6:51 of 1st period - Shot Misses the Net.
6:59 of 1st period - Shot by Kaapo Kakko.
6:59 of 1st period - Stopped by Louis Domingue without a rebound.
7:00 of 1st period - Elias Pettersson wins face-off versus Phillip Danault in ST. LOUIS Blues zone.
7:00 of 1st period - Elias Pettersson is hit by Zach Whitecloud.
7:31 of 1st period - Minor Penalty to Brayden McNabb for Slashing.
7:32 of 1st period - Phillip Danault wins face-off versus Andre Burakovsky in ST. LOUIS Blues zone.
7:51 of 1st period - Shot by Kaapo Kakko.
7:51 of 1st period - Shot Blocked by Jonas Brodin.
7:53 of 1st period - Shot by Adam Boqvist.
7:53 of 1st period - Shot Misses the Net.
8:33 of 1st period - Shot by Matt Dumba.
8:33 of 1st period - Stopped by Louis Domingue without a rebound.
8:34 of 1st period - Phillip Danault wins face-off versus Elias Pettersson in ST. LOUIS Blues zone.
9:05 of 1st period - Shot by Dmitri Orlov.
9:05 of 1st period - Stopped by Louis Domingue without a rebound.
9:06 of 1st period - Phillip Danault wins face-off versus Andre Burakovsky in ST. LOUIS Blues zone.
9:25 of 1st period - Shot by Kaapo Kakko.
9:25 of 1st period - Shot Misses the Net.
9:27 of 1st period - Shot by Andre Burakovsky.
9:27 of 1st period - Shot Misses the Net.
9:35 of 1st period - Shot by Andre Burakovsky.
9:35 of 1st period - Shot Blocked by Jonas Brodin.
9:42 of 1st period - Icing by Justin Schultz.
9:43 of 1st period - Dylan Larkin wins face-off versus Elias Pettersson in ST. LOUIS Blues zone.
9:43 of 1st period - Dylan Larkin is hit by Mikael Granlund.
9:52 of 1st period - Jonas Brodin is hit by Mikael Granlund and loses puck.
10:06 of 1st period - Icing by Mikael Granlund.
10:07 of 1st period - Craig Smith wins face-off versus Elias Pettersson in BOSTON Bruins zone.
10:16 of 1st period - Shot by Mikael Granlund.
10:16 of 1st period - Shot Misses the Net.
10:18 of 1st period - Shot by Mikael Granlund.
10:18 of 1st period - Shot Misses the Net.
10:46 of 1st period - Craig Smith is hit by Dmitri Orlov and loses puck.
10:54 of 1st period - James Neal is hit by Matt Dumba and loses puck.
11:35 of 1st period - Jaden Schwartz is hit by Chris Kreider and loses puck.
11:48 of 1st period - Shot by Kaapo Kakko.
11:48 of 1st period - Deflect By Andre Burakovsky.
11:48 of 1st period - Shot Misses the Net.
12:02 of 1st period - Shot by Henri Jokiharju.
12:02 of 1st period - Goal by Henri Jokiharju - BOSTON Bruins : 1 - ST. LOUIS Blues : 0.
12:03 of 1st period - Dylan Larkin wins face-off versus Ryan Carpenter in neutral zone.
12:24 of 1st period - Shot by Walker Duehr.
12:24 of 1st period - Shot Misses the Net.
12:34 of 1st period - Shot by Ryan Carpenter .
12:34 of 1st period - Stopped by Louis Domingue with a rebound.
13:18 of 1st period - Shot by Thomas Novak.
13:18 of 1st period - Stopped by Louis Domingue without a rebound.
13:19 of 1st period - Elias Pettersson wins face-off versus Phillip Danault in ST. LOUIS Blues zone.
14:02 of 1st period - Shot by Dominic Kubalik.
14:02 of 1st period - Shot Misses the Net.
14:31 of 1st period - Shot by Matthew Highmore.
14:31 of 1st period - Goal by Matthew Highmore - BOSTON Bruins : 1 - ST. LOUIS Blues : 1.
14:32 of 1st period - Craig Smith wins face-off versus Andre Burakovsky in neutral zone.
14:38 of 1st period - Icing by Matt Dumba.
14:39 of 1st period - Craig Smith wins face-off versus Andre Burakovsky in BOSTON Bruins zone.
14:39 of 1st period - David Perron is hit by Dmitri Orlov and loses puck.
14:47 of 1st period - Icing by Matt Dumba.
14:48 of 1st period - Andre Burakovsky wins face-off versus Dylan Larkin in BOSTON Bruins zone.
15:25 of 1st period - Shot by Jesper Bratt.
15:25 of 1st period - Shot Hit the Post.
15:28 of 1st period - Icing by Matt Dumba.
15:29 of 1st period - Andre Burakovsky wins face-off versus Phillip Danault in BOSTON Bruins zone.
15:48 of 1st period - Shot by Phillip Danault.
15:48 of 1st period - Shot Misses the Net.
16:10 of 1st period - Icing by Zach Whitecloud.
16:11 of 1st period - Phillip Danault wins face-off versus Elias Pettersson in ST. LOUIS Blues zone.
16:18 of 1st period - Shot by Jaden Schwartz.
16:18 of 1st period - Shot Misses the Net.
16:20 of 1st period - Shot by Phillip Danault.
16:20 of 1st period - Stopped by Jacob Markstrom with a rebound.
16:22 of 1st period - Shot by Dominic Kubalik.
16:22 of 1st period - Stopped by Jacob Markstrom with a rebound.
16:29 of 1st period - Icing by Jonathan Marchessault.
16:30 of 1st period - Craig Smith wins face-off versus Mikael Granlund in BOSTON Bruins zone.
16:43 of 1st period - Shot by James Neal.
16:43 of 1st period - Deflect By Craig Smith.
16:43 of 1st period - Shot Misses the Net.
16:45 of 1st period - Shot by Justin Schultz.
16:45 of 1st period - Shot Blocked by Rasmus Andersson.
16:47 of 1st period - Shot by Justin Schultz.
16:47 of 1st period - Stopped by Jacob Markstrom without a rebound.
16:48 of 1st period - Brendan Gallagher wins face-off versus Thomas Novak in BOSTON Bruins zone.
16:57 of 1st period - Jeremy Lauzon is hit by Zachary Senyshyn and loses puck.
17:19 of 1st period - Icing by Alex Iafallo.
17:20 of 1st period - Phillip Danault wins face-off versus Thomas Novak in BOSTON Bruins zone.
18:47 of 1st period - Shot by Jesper Bratt.
18:47 of 1st period - Stopped by Jacob Markstrom without a rebound.
18:48 of 1st period - Chris Kreider wins face-off versus Craig Smith in BOSTON Bruins zone.
19:13 of 1st period - Shot by Andre Burakovsky.
19:13 of 1st period - Stopped by Louis Domingue with a rebound.
19:15 of 1st period - Shot by Adam Boqvist.
19:15 of 1st period - Shot Blocked by Craig Smith.
19:17 of 1st period - Shot by Andre Burakovsky.
19:17 of 1st period - Shot Blocked by Luke Schenn.
19:49 of 1st period - Icing by Matt Dumba.
19:50 of 1st period - Ryan Carpenter wins face-off versus Phillip Danault in BOSTON Bruins zone.
Goals for this period are 1 for BOSTON Bruins vs 1 for ST. LOUIS Blues .
Shots for this period are 16 for BOSTON Bruins vs 7 for ST. LOUIS Blues .

2nd period


0:01 of 2nd period - Phillip Danault wins face-off versus Elias Pettersson in neutral zone.
0:53 of 2nd period - Icing by Jaden Schwartz.
0:54 of 2nd period - Phillip Danault wins face-off versus Andre Burakovsky in ST. LOUIS Blues zone.
2:20 of 2nd period - Minor Penalty to Jeremy Lauzon for Hooking.
2:21 of 2nd period - Elias Pettersson wins face-off versus Phillip Danault in ST. LOUIS Blues zone.
2:30 of 2nd period - Shot by Mikael Granlund.
2:30 of 2nd period - Shot Misses the Net.
2:32 of 2nd period - Shot by Dmitri Orlov.
2:32 of 2nd period - Shot Misses the Net.
2:34 of 2nd period - Shot by Matt Dumba.
2:34 of 2nd period - Stopped by Louis Domingue without a rebound.
2:35 of 2nd period - Elias Pettersson wins face-off versus Phillip Danault in ST. LOUIS Blues zone.
3:01 of 2nd period - Marcus Foligno is hit by Mikael Granlund and loses puck.
3:08 of 2nd period - Shot by Matt Dumba.
3:08 of 2nd period - Stopped by Louis Domingue without a rebound.
3:09 of 2nd period - Andre Burakovsky wins face-off versus Craig Smith in ST. LOUIS Blues zone.
3:09 of 2nd period - Andre Burakovsky is hit by Jonas Brodin.
3:29 of 2nd period - Shot by Andre Burakovsky.
3:29 of 2nd period - Shot Misses the Net.
3:41 of 2nd period - Shot by Adam Boqvist.
3:41 of 2nd period - Stopped by Louis Domingue without a rebound.
3:42 of 2nd period - Elias Pettersson wins face-off versus Phillip Danault in ST. LOUIS Blues zone.
3:55 of 2nd period - Shot by Mikael Granlund.
3:55 of 2nd period - Deflect By Jonathan Marchessault.
3:55 of 2nd period - Goal by Jonathan Marchessault - BOSTON Bruins : 2 - ST. LOUIS Blues : 1.
3:56 of 2nd period - Dylan Larkin wins face-off versus Thomas Novak in neutral zone.
4:07 of 2nd period - Shot by Brendan Gallagher.
4:07 of 2nd period - Shot Misses the Net.
4:09 of 2nd period - Shot by Jesper Bratt.
4:09 of 2nd period - Shot Hit the Post.
4:39 of 2nd period - Shot by Jonas Brodin.
4:39 of 2nd period - Shot Blocked by Henri Jokiharju.
4:41 of 2nd period - Shot by Dylan Larkin.
4:41 of 2nd period - Shot Misses the Net.
5:25 of 2nd period - Shot by Mikael Granlund.
5:25 of 2nd period - Shot Misses the Net.
5:33 of 2nd period - Shot by Elias Pettersson.
5:33 of 2nd period - Stopped by Louis Domingue with a rebound.
5:49 of 2nd period - Luke Schenn is hit by Jonathan Marchessault and loses puck.
5:58 of 2nd period - Mikael Granlund is hit by Craig Smith and loses puck.
6:36 of 2nd period - Adam Boqvist is hit by Marcus Foligno and loses puck.
7:39 of 2nd period - Shot by Jesper Bratt.
7:39 of 2nd period - Stopped by Jacob Markstrom without a rebound.
7:40 of 2nd period - Ryan Carpenter wins face-off versus Phillip Danault in BOSTON Bruins zone.
7:42 of 2nd period - Icing by Brandon Tanev.
7:43 of 2nd period - Phillip Danault wins face-off versus Ryan Carpenter in BOSTON Bruins zone.
7:44 of 2nd period - Shot by Dominic Kubalik.
7:44 of 2nd period - Stopped by Jacob Markstrom with a rebound.
9:24 of 2nd period - Shot by Jonathan Marchessault.
9:24 of 2nd period - Goal by Jonathan Marchessault - BOSTON Bruins : 3 - ST. LOUIS Blues : 1.
9:25 of 2nd period - Craig Smith wins face-off versus Zachary Senyshyn in neutral zone.
9:30 of 2nd period - Shot by James Neal.
9:30 of 2nd period - Stopped by Jacob Markstrom without a rebound.
9:31 of 2nd period - Andre Burakovsky wins face-off versus Craig Smith in BOSTON Bruins zone.
9:50 of 2nd period - Shot by James Neal.
9:50 of 2nd period - Shot Misses the Net.
10:11 of 2nd period - Minor Penalty to Adam Boqvist for Hooking.
10:12 of 2nd period - Andre Burakovsky wins face-off versus Dylan Larkin in BOSTON Bruins zone.
10:27 of 2nd period - Shot by Justin Schultz.
10:27 of 2nd period - Stopped by Jacob Markstrom without a rebound.
10:28 of 2nd period - Phillip Danault wins face-off versus Andre Burakovsky in BOSTON Bruins zone.
10:39 of 2nd period - Shot by Jaden Schwartz.
10:39 of 2nd period - Shot Misses the Net.
10:48 of 2nd period - Icing by Justin Schultz.
10:49 of 2nd period - Phillip Danault wins face-off versus Andre Burakovsky in ST. LOUIS Blues zone.
10:54 of 2nd period - Shot by Dominic Kubalik.
10:54 of 2nd period - Shot Misses the Net.
11:06 of 2nd period - Shot by Justin Schultz.
11:06 of 2nd period - Shot Misses the Net.
11:13 of 2nd period - Icing by Jaden Schwartz.
11:14 of 2nd period - Phillip Danault wins face-off versus Andre Burakovsky in ST. LOUIS Blues zone.
11:23 of 2nd period - David Perron is hit by Mikael Granlund and loses puck.
11:48 of 2nd period - Off-side.
11:49 of 2nd period - Elias Pettersson wins face-off versus Dylan Larkin in neutral zone.
13:37 of 2nd period - Shot by Ryan Carpenter .
13:37 of 2nd period - Goal by Ryan Carpenter - BOSTON Bruins : 4 - ST. LOUIS Blues : 1.
13:38 of 2nd period - Dylan Larkin wins face-off versus Elias Pettersson in neutral zone.
13:47 of 2nd period - Shot by Brendan Gallagher.
13:47 of 2nd period - Stopped by Jacob Markstrom without a rebound.
13:48 of 2nd period - Craig Smith wins face-off versus Elias Pettersson in BOSTON Bruins zone.
14:24 of 2nd period - Jonathan Marchessault is hit by Brayden McNabb and loses puck.
14:27 of 2nd period - Shot by Elias Pettersson.
14:27 of 2nd period - Stopped by Louis Domingue without a rebound.
14:28 of 2nd period - Phillip Danault wins face-off versus Andre Burakovsky in ST. LOUIS Blues zone.
14:57 of 2nd period - Shot by Andre Burakovsky.
14:57 of 2nd period - Stopped by Louis Domingue without a rebound.
14:58 of 2nd period - Thomas Novak wins face-off versus Dylan Larkin in ST. LOUIS Blues zone.
15:23 of 2nd period - Icing by Luke Schenn.
15:24 of 2nd period - Dylan Larkin wins face-off versus Elias Pettersson in ST. LOUIS Blues zone.
15:44 of 2nd period - Shot by Dylan Larkin.
15:44 of 2nd period - Stopped by Jacob Markstrom without a rebound.
15:45 of 2nd period - Chris Kreider wins face-off versus Phillip Danault in BOSTON Bruins zone.
16:05 of 2nd period - Shot by Phillip Danault.
16:05 of 2nd period - Goal by Phillip Danault - BOSTON Bruins : 4 - ST. LOUIS Blues : 2.
16:06 of 2nd period - Elias Pettersson wins face-off versus Craig Smith in neutral zone.
16:08 of 2nd period - Off-side.
16:09 of 2nd period - Elias Pettersson wins face-off versus Dylan Larkin in neutral zone.
16:36 of 2nd period - Shot by Jesper Bratt.
16:36 of 2nd period - Shot Misses the Net.
16:38 of 2nd period - Shot by Justin Schultz.
16:38 of 2nd period - Shot Misses the Net.
16:40 of 2nd period - Shot by Jonas Brodin.
16:40 of 2nd period - Stopped by Jacob Markstrom without a rebound.
16:41 of 2nd period - Andre Burakovsky wins face-off versus Phillip Danault in BOSTON Bruins zone.
17:05 of 2nd period - Icing by Kaapo Kakko.
17:06 of 2nd period - Andre Burakovsky wins face-off versus Craig Smith in BOSTON Bruins zone.
17:36 of 2nd period - Icing by Chris Kreider.
17:37 of 2nd period - Phillip Danault wins face-off versus Andre Burakovsky in BOSTON Bruins zone.
18:19 of 2nd period - Icing by Brayden McNabb.
18:20 of 2nd period - Phillip Danault wins face-off versus Thomas Novak in ST. LOUIS Blues zone.
18:31 of 2nd period - Shot by Jaden Schwartz.
18:31 of 2nd period - Shot Misses the Net.
18:45 of 2nd period - Shot by Zachary Senyshyn.
18:45 of 2nd period - Stopped by Louis Domingue with a rebound.
18:55 of 2nd period - Shot by Dylan Larkin.
18:55 of 2nd period - Stopped by Jacob Markstrom without a rebound.
18:56 of 2nd period - Elias Pettersson wins face-off versus Craig Smith in BOSTON Bruins zone.
18:56 of 2nd period - Elias Pettersson is hit by James Neal.
19:03 of 2nd period - Mikael Granlund is hit by Craig Smith and loses puck.
19:08 of 2nd period - Shot by Elias Pettersson.
19:08 of 2nd period - Shot Misses the Net.
19:28 of 2nd period - Shot by Elias Pettersson.
19:28 of 2nd period - Shot Misses the Net.
19:49 of 2nd period - Matt Dumba is hit by Craig Smith and loses puck.
19:59 of 2nd period - Matt Dumba is hit by Luke Schenn and loses puck.
Goals for this period are 3 for BOSTON Bruins vs 1 for ST. LOUIS Blues .
Shots for this period are 10 for BOSTON Bruins vs 9 for ST. LOUIS Blues .

3rd period


0:01 of 3rd period - Dylan Larkin wins face-off versus Elias Pettersson in neutral zone.
0:10 of 3rd period - Shot by Jesper Bratt.
0:10 of 3rd period - Stopped by Jacob Markstrom without a rebound.
0:11 of 3rd period - Phillip Danault wins face-off versus Andre Burakovsky in BOSTON Bruins zone.
0:19 of 3rd period - Icing by Dmitri Orlov.
0:20 of 3rd period - Dylan Larkin wins face-off versus Andre Burakovsky in BOSTON Bruins zone.
0:22 of 3rd period - Jesper Bratt is hit by Dmitri Orlov and loses puck.
0:26 of 3rd period - Icing by Matt Dumba.
0:27 of 3rd period - Andre Burakovsky wins face-off versus Dylan Larkin in BOSTON Bruins zone.
0:57 of 3rd period - Icing by Justin Schultz.
0:58 of 3rd period - Elias Pettersson wins face-off versus Dylan Larkin in ST. LOUIS Blues zone.
1:20 of 3rd period - Shot by Elias Pettersson.
1:20 of 3rd period - Stopped by Louis Domingue without a rebound.
1:21 of 3rd period - Alex Iafallo wins face-off versus Phillip Danault in ST. LOUIS Blues zone.
2:01 of 3rd period - Icing by Matt Dumba.
2:02 of 3rd period - Thomas Novak wins face-off versus Chris Tierney in BOSTON Bruins zone.
2:21 of 3rd period - Shot by Matthew Highmore.
2:21 of 3rd period - Shot Misses the Net.
2:23 of 3rd period - Shot by Marcus Foligno.
2:23 of 3rd period - Shot Misses the Net.
2:25 of 3rd period - Shot by Marcus Foligno.
2:25 of 3rd period - Shot Hit the Post.
2:27 of 3rd period - Shot by Chris Tierney.
2:27 of 3rd period - Stopped by Jacob Markstrom with a rebound.
2:29 of 3rd period - Shot by Marcus Foligno.
2:29 of 3rd period - Shot Blocked by Thomas Novak.
2:31 of 3rd period - Shot by Marcus Foligno.
2:31 of 3rd period - Deflect By Matthew Highmore.
2:31 of 3rd period - Shot Blocked by Matt Dumba.
2:33 of 3rd period - Shot by Matthew Highmore.
2:33 of 3rd period - Stopped by Jacob Markstrom without a rebound.
2:34 of 3rd period - Elias Pettersson wins face-off versus Dylan Larkin in BOSTON Bruins zone.
2:48 of 3rd period - Shot by Jonathan Marchessault.
2:48 of 3rd period - Stopped by Louis Domingue without a rebound.
2:49 of 3rd period - Andre Burakovsky wins face-off versus Phillip Danault in ST. LOUIS Blues zone.
3:18 of 3rd period - Icing by Zach Whitecloud.
3:19 of 3rd period - Phillip Danault wins face-off versus Elias Pettersson in ST. LOUIS Blues zone.
3:19 of 3rd period - Phillip Danault is hit by Jonathan Marchessault.
3:37 of 3rd period - Shot by Mikael Granlund.
3:37 of 3rd period - Shot Misses the Net.
3:41 of 3rd period - Shot by Mikael Granlund.
3:41 of 3rd period - Shot Misses the Net.
3:45 of 3rd period - Shot by Elias Pettersson.
3:45 of 3rd period - Shot Misses the Net.
3:57 of 3rd period - Shot by Mikael Granlund.
3:57 of 3rd period - Stopped by Louis Domingue without a rebound.
3:58 of 3rd period - Brendan Gallagher wins face-off versus Kaapo Kakko in ST. LOUIS Blues zone.
3:58 of 3rd period - Brendan Gallagher is hit by Chris Kreider.
4:03 of 3rd period - Icing by Jonas Brodin.
4:04 of 3rd period - Dylan Larkin wins face-off versus Andre Burakovsky in ST. LOUIS Blues zone.
4:17 of 3rd period - Shot by Jesper Bratt.
4:17 of 3rd period - Shot Blocked by Dmitri Orlov.
4:19 of 3rd period - Shot by Justin Schultz.
4:19 of 3rd period - Shot Blocked by Dmitri Orlov.
4:31 of 3rd period - Shot by Brendan Gallagher.
4:31 of 3rd period - Stopped by Jacob Markstrom without a rebound.
4:32 of 3rd period - Elias Pettersson wins face-off versus Craig Smith in BOSTON Bruins zone.
5:24 of 3rd period - Minor Penalty to Andre Burakovsky for Interference.
5:25 of 3rd period - Dylan Larkin wins face-off versus Chris Kreider in BOSTON Bruins zone.
6:05 of 3rd period - Shot by Justin Schultz.
6:05 of 3rd period - Shot Misses the Net.
6:07 of 3rd period - Shot by Jesper Bratt.
6:07 of 3rd period - Stopped by Jacob Markstrom without a rebound.
6:08 of 3rd period - Ryan Carpenter wins face-off versus Phillip Danault in BOSTON Bruins zone.
6:41 of 3rd period - Off-side.
6:42 of 3rd period - Ryan Carpenter wins face-off versus Dylan Larkin in neutral zone.
6:55 of 3rd period - Shot by Justin Schultz.
6:55 of 3rd period - Shot Misses the Net.
6:57 of 3rd period - Shot by Justin Schultz.
6:57 of 3rd period - Stopped by Jacob Markstrom without a rebound.
6:58 of 3rd period - Phillip Danault wins face-off versus Chris Kreider in BOSTON Bruins zone.
7:15 of 3rd period - Shot by Justin Schultz.
7:15 of 3rd period - Stopped by Jacob Markstrom without a rebound.
7:16 of 3rd period - Dylan Larkin wins face-off versus Ryan Carpenter in BOSTON Bruins zone.
7:27 of 3rd period - Shot by Dylan Larkin.
7:27 of 3rd period - Shot Misses the Net.
8:05 of 3rd period - Shot by Matthew Highmore.
8:05 of 3rd period - Shot Misses the Net.
8:07 of 3rd period - Shot by Jeremy Lauzon.
8:07 of 3rd period - Shot Blocked by Henri Jokiharju.
8:57 of 3rd period - Shot by Brendan Gallagher.
8:57 of 3rd period - Stopped by Jacob Markstrom without a rebound.
8:58 of 3rd period - Elias Pettersson wins face-off versus Phillip Danault in BOSTON Bruins zone.
9:12 of 3rd period - Rasmus Andersson is hit by Zach Whitecloud and loses puck.
9:36 of 3rd period - Phillip Danault is hit by Adam Boqvist and loses puck.
10:15 of 3rd period - James Neal is hit by Chris Kreider and loses puck.
11:15 of 3rd period - Shot by Jesper Bratt.
11:15 of 3rd period - Stopped by Jacob Markstrom without a rebound.
11:16 of 3rd period - Phillip Danault wins face-off versus Thomas Novak in BOSTON Bruins zone.
11:45 of 3rd period - Shot by Jaden Schwartz.
11:45 of 3rd period - Stopped by Jacob Markstrom without a rebound.
11:46 of 3rd period - Elias Pettersson wins face-off versus Craig Smith in BOSTON Bruins zone.
11:46 of 3rd period - Elias Pettersson is hit by Craig Smith.
12:30 of 3rd period - Shot by Mikael Granlund.
12:30 of 3rd period - Shot Misses the Net.
12:32 of 3rd period - Shot by Jonathan Marchessault.
12:32 of 3rd period - Stopped by Louis Domingue with a rebound.
12:45 of 3rd period - Minor Penalty to Jeremy Lauzon for Tripping.
12:46 of 3rd period - Phillip Danault wins face-off versus Andre Burakovsky in ST. LOUIS Blues zone.
12:46 of 3rd period - Phillip Danault is hit by Chris Kreider.
13:19 of 3rd period - Off-side.
13:20 of 3rd period - Mikael Granlund wins face-off versus Phillip Danault in neutral zone.
13:31 of 3rd period - Shot by Elias Pettersson.
13:31 of 3rd period - Stopped by Louis Domingue without a rebound.
13:32 of 3rd period - Andre Burakovsky wins face-off versus Phillip Danault in ST. LOUIS Blues zone.
14:05 of 3rd period - Shot by Matt Dumba.
14:05 of 3rd period - Stopped by Louis Domingue without a rebound.
14:06 of 3rd period - Craig Smith wins face-off versus Elias Pettersson in ST. LOUIS Blues zone.
14:23 of 3rd period - Shot by Adam Boqvist.
14:23 of 3rd period - Stopped by Louis Domingue without a rebound.
14:24 of 3rd period - Elias Pettersson wins face-off versus Craig Smith in ST. LOUIS Blues zone.
14:53 of 3rd period - Shot by Ryan Carpenter .
14:53 of 3rd period - Stopped by Louis Domingue without a rebound.
14:54 of 3rd period - Andre Burakovsky wins face-off versus Dylan Larkin in ST. LOUIS Blues zone.
15:22 of 3rd period - Off-side.
15:23 of 3rd period - Phillip Danault wins face-off versus Elias Pettersson in neutral zone.
15:23 of 3rd period - Jaden Schwartz is hit by Jonathan Marchessault and loses puck.
16:03 of 3rd period - Shot by Jonathan Marchessault.
16:03 of 3rd period - Shot Misses the Net.
16:05 of 3rd period - Shot by Mikael Granlund.
16:05 of 3rd period - Shot Misses the Net.
16:29 of 3rd period - Shot by Dmitri Orlov.
16:29 of 3rd period - Stopped by Louis Domingue without a rebound.
16:30 of 3rd period - Alex Iafallo wins face-off versus Craig Smith in ST. LOUIS Blues zone.
17:01 of 3rd period - Shot by David Perron.
17:01 of 3rd period - Stopped by Jacob Markstrom without a rebound.
17:02 of 3rd period - Dylan Larkin wins face-off versus Kaapo Kakko in BOSTON Bruins zone.
17:05 of 3rd period - Shot by Jesper Bratt.
17:05 of 3rd period - Stopped by Jacob Markstrom with a rebound.
17:07 of 3rd period - Shot by Dylan Larkin.
17:07 of 3rd period - Stopped by Jacob Markstrom without a rebound.
17:08 of 3rd period - Dylan Larkin wins face-off versus Elias Pettersson in BOSTON Bruins zone.
17:14 of 3rd period - Jonathan Marchessault is hit by Luke Schenn and loses puck.
18:35 of 3rd period - Kaapo Kakko is hit by Justin Schultz and loses puck.
18:38 of 3rd period - Shot by Adam Boqvist.
18:38 of 3rd period - Shot Misses the Net.
18:40 of 3rd period - Shot by Andre Burakovsky.
18:40 of 3rd period - Shot Misses the Net.
18:42 of 3rd period - Shot by Andre Burakovsky.
18:42 of 3rd period - Shot Misses the Net.
18:44 of 3rd period - Shot by Adam Boqvist.
18:44 of 3rd period - Shot Misses the Net.
19:01 of 3rd period - Minor Penalty to Justin Schultz for Hooking.
19:02 of 3rd period - Elias Pettersson wins face-off versus Craig Smith in ST. LOUIS Blues zone.
19:09 of 3rd period - Shot by Mikael Granlund.
19:09 of 3rd period - Shot Misses the Net.
19:11 of 3rd period - Shot by Matt Dumba.
19:11 of 3rd period - Shot Misses the Net.
19:13 of 3rd period - Shot by Mikael Granlund.
19:13 of 3rd period - Stopped by Louis Domingue without a rebound.
19:14 of 3rd period - Phillip Danault wins face-off versus Elias Pettersson in ST. LOUIS Blues zone.
19:14 of 3rd period - Phillip Danault is hit by Mikael Granlund.
19:30 of 3rd period - Shot by Mikael Granlund.
19:30 of 3rd period - Deflect By Elias Pettersson.
19:30 of 3rd period - Stopped by Louis Domingue without a rebound.
19:31 of 3rd period - Phillip Danault wins face-off versus Andre Burakovsky in ST. LOUIS Blues zone.
19:37 of 3rd period - Icing by Adam Boqvist.
19:38 of 3rd period - Phillip Danault wins face-off versus Andre Burakovsky in BOSTON Bruins zone.
Goals for this period are 0 for BOSTON Bruins vs 0 for ST. LOUIS Blues .
Shots for this period are 11 for BOSTON Bruins vs 13 for ST. LOUIS Blues .